 Dungeon Crawl Stone Soup version 0.17-a0-1139-g49cbdf8 (webtiles) character file.

530 Jine the Skirmisher (level 7, 0/56 HPs)
             Began as a Demonspawn Abyssal Knight on May 26, 2015.
             Was a Priest of Lugonu.
             Killed from afar by an orc wizard (2 damage)
             ... with a puff of flame
             ... on level 5 of the Dungeon.
             The game lasted 00:10:11 (6091 turns).

Jine the Skirmisher (Demonspawn Abyssal Knight)     Turns: 6091, Time: 00:10:11

Health: 0/56       AC: 13    Str: 14    XL:     7   Next: 3%
Magic:  16/17      EV:  4    Int: 14    God:    Lugonu [***...]
Gold:   215        SH:  0    Dex: 12    Spells: 0 memorised, 6 levels left

rFire  . . .     SeeInvis .     a - +1 mace
rCold  . . .     Clarity  .     e - +0 plate armour
rNeg   . . .     SustAt   .     (no shield)
rPois  .         Gourm    .     (no helmet)
rElec  .         Spirit   .     (no cloak)
rCorr  .         Warding  .     C - +0 pair of gloves
rMut   .         Rnd*Tele +     (no boots)
MR     .....                    (no amulet)
Stlth  ..........               B - ring of teleportation (curse)
                                w - ring of magical power

@: not resistant to hostile enchantments, extremely unstealthy
A: hooves 2, demonic guardian 1
a: Depart the Abyss, Bend Space, Banish, Renounce Religion, Evoke Teleportation


You were on level 5 of the Dungeon.
You worshipped Lugonu.
Lugonu was most pleased with you.
You were not hungry.

You visited 1 branch of the dungeon, and saw 5 of its levels.
You visited the Abyss 1 time.

You collected 215 gold pieces.

Inventory:

Hand weapons
 a - a +1 mace (weapon)
Armour
 b - a +0 leather armour
 e - a +0 plate armour (worn)
 l - a +0 chain mail
 C - a +0 pair of gloves (worn)
Jewellery
 w - a ring of magical power (left hand)
 B - a cursed ring of teleportation (right hand)
Magical devices
 f - a wand of lightning (7)
 s - a wand of fire (8)
Scrolls
 g - 5 scrolls of identify {unknown}
 k - a scroll of fear {unknown}
 n - a scroll of enchant weapon {unknown}
 o - 2 scrolls of remove curse {unknown}
 q - a scroll of amnesia {unknown}
 r - 2 scrolls of teleportation {unknown}
 t - 2 scrolls of fog {unknown}
 y - a scroll of recharging {unknown}
 A - a scroll of noise {unknown}
Potions
 h - a potion of flight {unknown}
 i - a potion of mutation {unknown}
 j - 3 potions of haste {unknown}
 m - a potion of cancellation {unknown}
 p - 2 potions of brilliance {unknown}
 u - a potion of agility {unknown}
 v - a potion of might {unknown}
 x - a potion of invisibility {unknown}
 z - 2 potions of lignification {unknown}
 D - a potion of curing {unknown}
Comestibles
 c - 5 bread rations
 d - a meat ration


   Skills:
 + Level 5.2 Fighting
 + Level 3.3 Maces & Flails
 + Level 4.1 Armour
 + Level 2.4 Dodging
 + Level 0.4 Stealth
 + Level 2.6 Invocations


You had 6 spell levels left.
You didn't know any spells.

Dungeon Overview and Level Annotations

Branches:
Dungeon (5/15)             Temple (0/1) D:5

Altars:
Cheibriados
Nemelex Xobeh
Ru
Yredelemnul
Zin


Innate Abilities, Weirdness & Mutations

You have hoof-like feet.
A weak demonic guardian rushes to your aid.


Message History

* * * LOW HITPOINT WARNING * * *
You feel slightly more hungry.
A giant gecko zombie comes into view.
Your crimson imp barely misses the kobold.
Found a beef jerky.
Found a staircase to the Ecumenical Temple.
Your crimson imp disappears in a puff of smoke!
The orc wizard gestures at you while chanting.
The magic dart hits you!
* * * LOW HITPOINT WARNING * * *
Found a scroll labeled KAOWOZ QADWAGG.
Use which ability? (? or * to list) Space bends around you!
You blink.
* * * LOW HITPOINT WARNING * * *
You feel slightly more hungry.
The orc wizard points at you and mumbles some strange words.
The puff of flame misses you.
A puff of flame appears from out of thin air!
The puff of flame hits you!
You die...

.# #.# .#### #.#
....# #.# ....# #.#
....###.# ........#
## ....##### ..
....##############.#
....##...§.Z....@..#
######..###..{.....#
# #. ###.K..⌠..?....
# # .#.o.....5.#####
# #........⌠%>.⌠#
#####...#.........#
....o)..o......⌠..#
#####(##...........
......##.#...##.....


You could see an orc, a giant gecko zombie, a kobold and a friendly ufetubus.

Vanquished Creatures
  An ice beast (D:4)
  A hound (D:4)
  A worker ant (D:4)
  An orc priest (D:4)
  4 orc wizards
  A gnoll (D:4)
  4 adders
  3 worms
  3 giant geckos
  12 orcs
  12 bats
  7 hobgoblins
  9 jackals (D:2)
  11 kobolds
  3 ball pythons
  4 giant cockroaches
  8 giant newts
  6 goblins
  7 rats
98 creatures vanquished.

Vanquished Creatures (collateral kills)
  A crimson imp (D:5)
  An orc wizard (D:3)
  An orc priest (D:3)
  Jessica (D:2)
  A worker ant (D:4)
  3 gnolls (D:4)
  An adder (D:5)
  3 orcs
  A jackal (D:3)
  A quokka (D:2)
14 creatures vanquished.

Vanquished Creatures (others)
  3 crimson imps
  A white imp (D:5)
  3 ufetubi
7 creatures vanquished.

Grand Total: 119 creatures vanquished

Notes
Turn   | Place    | Note
--------------------------------------------------------------
     0 | Abyss:1  | Jine the Demonspawn Abyssal Knight began the quest for the Orb.
     0 | Abyss:1  | Reached XP level 1. HP: 18/18 MP: 2/2
     7 | D:1      | Escaped the Abyss
   222 | D:1      | Reached skill level 1 in Dodging
   243 | D:1      | Gained mutation: A weak demonic guardian rushes to your aid. [demonic ancestry]
   243 | D:1      | Reached XP level 2. HP: 24/24 MP: 3/3
   878 | D:2      | Found a snail-covered altar of Cheibriados.
   928 | D:2      | Acquired Lugonu's second power
  1018 | D:2      | Found a sparkling altar of Nemelex Xobeh.
  1023 | D:2      | Found a glowing silver altar of Zin.
  1031 | D:2      | Found a basalt altar of Yredelemnul.
  1039 | D:2      | Gained mutation: You have large cloven feet. [demonic ancestry]
  1039 | D:2      | Reached XP level 3. HP: 19/29 MP: 4/4
  1264 | D:2      | Noticed Jessica
  1273 | D:2      | Killed Jessica
  2197 | D:3      | Reached XP level 4. HP: 24/37 MP: 5/5
  2279 | D:3      | Reached skill level 4 in Fighting
  2289 | D:3      | HP: 1/37 [orc wizard/puff of flame (10)]
  3103 | D:3      | Reached XP level 5. HP: 24/42 MP: 6/6
  3345 | D:3      | Acquired Lugonu's third power
  4487 | D:4      | Found a sacrificial altar of Ru.
  4548 | D:4      | Reached XP level 6. HP: 47/50 MP: 7/7
  4584 | D:4      | Reached skill level 5 in Fighting
  4610 | D:4      | Noticed an ice beast
  4621 | D:4      | Killed an ice beast
  5908 | D:5      | Entered Level 5 of the Dungeon
  6009 | D:5      | Gained mutation: You have hoof-like feet. [demonic ancestry]
  6009 | D:5      | Reached XP level 7. HP: 45/56 MP: 8/8
  6084 | D:5      | Found a staircase to the Ecumenical Temple.
  6090 | D:5      | HP: 2/56 [spatial distortion (3)]
  6091 | D:5      | Killed from afar by an orc wizard

Vault maps used:
D:1:      tarquinn_simple_flora_water_b
D:2:      old_standard_altar, lemuel_crystal_altar, grunt_temple_overflow_open,
          kennysheep_jessica_study
D:4:      nicolae_ru_sacrificial_ziggurat, first_bread, dk_rats_in_the_wall
D:5:      temple_fountains

Action                   |  1- 3 |  4- 6 |  7- 9 || total
-------------------------+-------+-------+-------++-------
Melee: Mace              |   192 |   275 |    19 ||   486
Invok: Bend Space        |       |     1 |     2 ||     3
  Eat: Meat ration       |     1 |     2 |       ||     3
       Beef jerky        |       |     1 |       ||     1
       Pizza             |       |     1 |       ||     1
